 Dungeon Crawl Stone Soup version 0.31.0-9-g3a7656b989 (webtiles) character file.

Game seed: 7230340492524695467

185 qw the Shooter (level 5, -1/26 HPs)
             Began as a Spriggan Hunter on Feb 2, 2024.
             Incinerated by a bombardier beetle (3 damage)
             ... with a burning spray
             ... on level 4 of the Dungeon.
             The game lasted 00:00:06 (2292 turns).

qw the Shooter (Spriggan Hunter)                    Turns: 2292, Time: 00:00:07

Health: -1/26      AC:  5    Str:  7    XL:     5   Next: 37%
Magic:  6/6        EV: 20    Int: 10    God:
Gold:   126        SH:  0    Dex: 21    Spells: 4/4 levels left

rFire   . . .        a - +0 shortbow
rCold   . . .        (shield currently unavailable)
rNeg    + . .        f - +2 robe {rN+}
rPois   .            (helmet restricted)
rElec   .            i - +0 cloak
rCorr   .            (gloves unavailable)
SInv    +            (boots unavailable)
Will    .....        e - amulet of faith
Stlth   +            (no ring)
HPRegen 0.24/turn    (no ring)
MPRegen 0.10/turn

%: faith
@: on fire, glowing, very quick
A: very small, no large weapons, unfitting armour, see invisible, speed 3
a: no special abilities


You were on level 4 of the Dungeon.
You visited 1 branch of the dungeon, and saw 4 of its levels.

You collected 126 gold pieces.


Innate Abilities, Weirdness & Mutations

You are very small and have problems with some larger weapons.
You are too small for most types of armour.
You have supernaturally acute eyesight. (SInv)
You cover ground extremely quickly. (Speed+++)


   Skills:
 - Level 2.1 Fighting
 + Level 5.5 Ranged Weapons
 - Level 5.0 Dodging
 - Level 1.5 Stealth


You had 4 spell levels left.
You didn't know any spells.
Your spell library was empty.

Inventory:

Hand Weapons
 a - a +0 shortbow (weapon)
Armour
 f - a +2 robe of positive energy (worn)
 i - a +0 cloak (worn)
Jewellery
 e - an amulet of faith (around neck)
Scrolls
 g - a scroll of teleportation
Potions
 d - a potion of curing
 h - a potion of heal wounds

Dungeon Overview and Level Annotations

Branches:
Dungeon (4/15)
 Temple: D:4-7

Altars:
Kikubaaqudgha
Xom

Shops:
D:2 *


Message History

You shoot an arrow. The arrow hits the adder!
You kill the adder!
A bombardier beetle comes into view.
You shoot an arrow. The arrow hits the bombardier beetle.
The bombardier beetle is lightly wounded.
You shoot an arrow. The arrow hits the bombardier beetle.
The bombardier beetle is moderately wounded.
You shoot an arrow.
The arrow barely misses the bombardier beetle.
You shoot an arrow. The arrow hits the bombardier beetle.
The bombardier beetle is moderately wounded.
You shoot an arrow. The arrow hits the bombardier beetle.
The bombardier beetle is severely wounded.
You shoot an arrow. The arrow hits the bombardier beetle.
The bombardier beetle is almost dead.
You shoot an arrow. The arrow hits the bombardier beetle.
The bombardier beetle is almost dead.
The bombardier beetle sprays incendiary fluid at you.
The burning spray hits you.
You are covered in liquid fire!
You shoot an arrow. The arrow hits the bombardier beetle.
The bombardier beetle is almost dead.
The liquid fire burns you!
You shoot an arrow.
The arrow hits the bombardier beetle but does no damage.
The bombardier beetle is almost dead.
The liquid fire burns you!
You shoot an arrow. The arrow hits the bombardier beetle.
You kill the bombardier beetle!
The liquid fire burns you!
You are on fire!
The liquid fire burns you!
You feel a little less clever now.
You are on fire!
The liquid fire burns you!
You are on fire!
The liquid fire burns you!
You are on fire!
The liquid fire burns you!
You die...

#.# #.# # #.#
.. #.# #.. #.#
#...### #.#
#...... #.#
#......####.#
#......@....#
#..#.......###
#....%.......#
..........%#.#
....##.....#.#
.... #.....#.#
... #.....#.#
## #######.#
#.#


There were no monsters in sight!

Vanquished Creatures
  A bombardier beetle (D:4)
  A hound (D:3)
  Jessica (D:3)
  An orc wizard (D:3)
  2 adders
  2 ufetubi (D:3)
  4 orcs (D:3)
  6 ball pythons
  A bat zombie (D:3)
  4 endoplasms
  3 giant cockroaches
  2 goblins
  A hobgoblin (D:1)
  3 kobolds
  2 quokkas
  A frilled lizard (D:2)
  2 frilled lizard zombies (D:3)
  4 rats
41 creatures vanquished.

Notes
Turn   | Place    | Note
-------+----------+-------------------------------------------
     0 | D:1      | qw the Spriggan Hunter began the quest for the Orb.
     0 | D:1      | Reached XP level 1. HP: 10/10 MP: 2/2
     0 | D:1      | 0 ||| qw: Version: 0.3-a-155-g5e7d8dd
     0 | D:1      | 0 ||| qw: Game counter: 848
     0 | D:1      | 0 ||| qw: Melee chars always use a shield: true
     0 | D:1      | 0 ||| qw: God list: Okawaru
     0 | D:1      | 0 ||| qw: Allow faded altars: false
     0 | D:1      | 0 ||| qw: Do Orc after clearing Dungeon:15 true
     0 | D:1      | 0 ||| qw: Do second Lair branch before Depths: true
     0 | D:1      | 0 ||| qw: Lair rune preference: random
     0 | D:1      | 0 ||| qw: Goals: Normal
     0 | D:1      | 0 ||| PLANNING D:1-11
     2 | D:1      | Noticed an electric eel
   131 | D:1      | Reached skill level 3 in Dodging
   317 | D:1      | Reached XP level 2. HP: 14/14 MP: 3/3
   667 | D:1      | 667 ||| UPGRADING to +2 robe of positive energy.
   677 | D:1      | 677 ||| DROPPING +0 robe.
   678 | D:1      | 678 ||| READING scroll labelled ULICUCENNO.
   678 | D:1      | 678 ||| IDENTIFYING dark potion
   679 | D:1      | 679 ||| READING scroll labelled CACECSAVIW.
   780 | D:1      | 780 ||| DROPPING scroll of butterflies.
   990 | D:2      | Found Odag's General Store.
  1000 | D:2      | 1000 ||| SHOPLISTING potion of enlightenment (65 gold, have
                  | 48).
  1000 | D:2      | 1000 ||| SHOPLISTING potion of might (52 gold, have 48).
  1000 | D:2      | 1000 ||| SHOPLISTING wand of charming (11) (343 gold, have
                  | 48).
  1133 | D:2      | Reached XP level 3. HP: 18/18 MP: 4/4
  1377 | D:2      | 1377 ||| UPGRADING to +0 cloak.
  1382 | D:2      | 1382 ||| UPGRADING to amulet of faith.
  1387 | D:2      | 1387 ||| READING 2 scrolls of identify.
  1387 | D:2      | 1387 ||| IDENTIFYING emerald potion
  1388 | D:2      | 1388 ||| READING scroll of identify.
  1388 | D:2      | 1388 ||| IDENTIFYING smoky emerald potion
  1389 | D:2      | 1389 ||| READING scroll labelled SOOMEO RIOC.
  1390 | D:2      | 1390 ||| READING 2 scrolls labelled CEL AHYKEINLARGH.
  1394 | D:2      | 1394 ||| DROPPING potion of invisibility.
  1422 | D:3      | Noticed Jessica
  1427 | D:3      | Killed Jessica
  1532 | D:3      | Reached XP level 4. HP: 22/22 MP: 5/5
  2007 | D:3      | Found a shimmering altar of Xom.
  2037 | D:3      | 2037 ||| RETREEEEATING.
  2040 | D:3      | 2040 ||| RETREEEEATING.
  2052 | D:3      | Reached XP level 5. HP: 24/26 MP: 6/6
  2145 | D:3      | Found an ancient bone altar of Kikubaaqudgha.
  2207 | D:3      | 2207 ||| DROPPING +6 ring of intelligence.
  2208 | D:3      | 2208 ||| DROPPING ring of wizardry.
  2209 | D:3      | 2209 ||| READING scroll of identify.
  2209 | D:3      | 2209 ||| IDENTIFYING 2 brown potions
  2210 | D:3      | 2210 ||| READING scroll labelled XOAHEH ZYKHO.
  2211 | D:3      | 2211 ||| DRINKING 2 fuming red potions.
  2212 | D:3      | 2212 ||| DROPPING 2 potions of degeneration.
  2213 | D:3      | 2213 ||| DROPPING potion of brilliance.
  2290 | D:4      | HP: 6/26 [burnt (5)]
  2291 | D:4      | HP: 2/26 [burnt (5)]
  2292 | D:4      | Incinerated by a bombardier beetle

Levels and vault maps discovered:
D:1:      arrival_aquarium_a, layout_basic, minmay_strange_pillars
D:2:      layout_loops_ring, serial_shops, shop
D:3:      layout_loops_ring, lemuel_zombie_altar_kikubaaqudgha,
          regret_index_xom_buried_treasure, chequers_hall_statues_corner_a,
          uniq_jessica
D:4:      nicolae_cairo_tiling_very_big, layout_basic

Skill      XL: |  1  2  3  4 |
---------------+-------------+-----
Dodging        | 3 4 5 |  5.0
Ranged Weapons | 5 |  5.5
Fighting       | 2 |  2.1
Stealth        | |  1.5

Action                     |  1- 3 |  4- 6 || total
---------------------------+-------+-------++-------
   Fire: Shortbow          |    80 |    58 ||   138
    Use: Scroll            |     6 |     2 ||     8
         Potion            |       |     1 ||     1
 Armour: Robe              |    13 |     8 ||    21
  Dodge: Dodged            |    53 |    12 ||    65

Table legend:
 A = Non-vault XP
 B = Vault XP
 C = Vault XP percentage of total XP
 D = Non-vault monster count
 E = Vault monster count
 F = Vault count percentage of total count
                 A         B        C        D         E       F
            +---------+---------+-------+---------+---------+-------
      Total |     224 |      41 |  15.5 |      37 |       4 |   9.8
            +---------+---------+-------+---------+---------+-------
        D:1 |      14 |       0 |   0.0 |       8 |       0 |   0.0
        D:2 |      28 |       0 |   0.0 |      11 |       0 |   0.0
        D:3 |     118 |      41 |  25.8 |      15 |       4 |  21.1
        D:4 |      64 |       0 |   0.0 |       3 |       0 |   0.0
            +---------+---------+-------+---------+---------+-------
